 Dungeon Crawl Stone Soup version 0.22-a0-866-geee5034 (webtiles) character file.

3802 gmonis the Basher (level 9, -5/69 (70) HPs)
             Began as a Minotaur Berserker on July 28, 2018.
             Was a High Priest of Trog.
             Slain by an orc warrior
             ... wielding a +0 dire flail
              (15 damage)
             ... on level 8 of the Dungeon.
             The game lasted 00:13:31 (8422 turns).

gmonis the Basher (Minotaur Berserker)              Turns: 8422, Time: 00:13:32

HP:   -5/69 (70)    AC:  8    Str: 23    XL:     9   Next: 96%
MP:   8/8           EV: 12    Int:  4    God:    Trog [*****.]
Gold: 376           SH:  0    Dex: 12    Spells: 8/8 levels left

rFire    + . .     SeeInvis .   a - +0 mace
rCold    . . .     Gourm    .   (no shield)
rNeg     . . .     Faith    .   p - +3 leather armour of Impermeability {rF+ Regen+}
rPois    .         Spirit   .   r - +1 hat
rElec    .         Reflect  .   (no cloak)
rCorr    .         Harm     .   (no gloves)
MR       .....                  (no boots)
Stlth    +.........             d - amulet of regeneration (curse)
HPRegen  1.01/turn              t - ring of wizardry
MPRegen  0.11/turn              (no ring)

@: lethally poisoned (-5 -> -5)
A: retaliatory headbutt, horns 2
a: Berserk, Trog's Hand, Brothers in Arms, Renounce Religion


You were on level 8 of the Dungeon.
You worshipped Trog.
Trog was extremely pleased with you.
You were not hungry.

You visited 2 branches of the dungeon, and saw 9 of its levels.
You also visited: Sewer.

You collected 406 gold pieces.
You spent 30 gold pieces at shops.

Inventory:

Hand Weapons
 a - a +0 mace (weapon)
Missiles
 h - 181 stones (quivered)
Armour
 b - a +0 animal skin
 p - the +3 leather armour of Impermeability (worn) {rF+ Regen+}
   (You found it on level 4 of the Dungeon)

   It protects you from fire.
   It increases your rate of regeneration.
 r - a +1 hat (worn)
Jewellery
 d - a cursed amulet of regeneration (around neck)
 t - a ring of wizardry (left hand)
Wands
 o - a wand of flame (40)
 q - a wand of enslavement (11)
 s - a wand of digging (9)
Scrolls
 e - 6 scrolls of teleportation {unknown}
 f - 3 scrolls of fog {unknown}
 g - 3 scrolls of blinking {unknown}
 i - 6 scrolls of magic mapping
 j - 5 scrolls of identify
 k - 2 scrolls of enchant armour {unknown}
 m - 2 scrolls of remove curse
 u - a scroll of immolation {unknown}
Potions
 l - a potion of lignification
 n - 2 potions of curing {unknown}
 v - a potion of cancellation {unknown}
Comestibles
 c - 14 rations


   Skills:
 - Level 3.6 Fighting
 - Level 14.0 Maces & Flails
 + Level 9.8 Armour
 - Level 2.1 Dodging


You had 8 spell levels left.
You didn't know any spells.
Your spell library was empty.

Dungeon Overview and Level Annotations

Branches:
Dungeon (8/15)             Temple (1/1) D:6
   Lair: D:8-11

Altars:
Ashenzari
Cheibriados
Dithmenos
Elyvilon
Fedhas
Gozag
Hepliaklqana
Kikubaaqudgha
Makhleb
Nemelex Xobeh
Okawaru
Qazlal
Ru
Sif Muna
Trog
Uskayaw
Vehumet
Wu Jian
Xom
Yredelemnul
Zin
The Shining One

Shops:
D:5 ??(*   D:7 !


Innate Abilities, Weirdness & Mutations

You reflexively headbutt those who attack you in melee.
You have a pair of horns on your head.


Message History

You feel sick. The orc warrior misses you.
You barely miss the orc warrior. You hit the orc warrior.
You headbutt the orc warrior, but do no damage.
The orc warrior is lightly wounded.
The orc warrior hits you with a dire flail!
You barely miss the orc warrior.
You headbutt the orc warrior, but do no damage.
The orc warrior is lightly wounded.
You feel sick.
The orc warrior hits you with a dire flail!!
* * * LOW HITPOINT WARNING * * *
You closely miss the orc warrior.
You headbutt the orc warrior, but do no damage.
The orc warrior is lightly wounded.
You thump the orc warrior! Your headbutt misses the orc warrior.
The orc warrior is heavily wounded.
You feel sick.
The orc warrior hits you with a dire flail!
You die...

.# #?# ### #.# ..#
#.# # #.# #.####.#
#.# #.#.....
##.#####...# #
#.()..o@./.##.##.##
#..#####...†......#
#.(#####.#.##.##..#
#..).(...#.# #
#.######.#.> #.#
#.#### #.# #.# #.#
#.# #.# #.#


You could see an orc warrior.

Vanquished Creatures
  Pikel (D:6)
  Grinder (D:6)
  A spriggan (D:7)
  Sigmund (D:3)
  A necrophage (D:7)
  A slave (D:6)
  An ice beast (D:5)
  3 ogres
  2 phantoms
  2 centaurs
  3 big kobolds (Sewer)
  8 bullfrogs
  3 scorpions
  3 killer bees (D:8)
  5 wights (D:8)
  5 howler monkeys
  4 orc priests
  Crazy Yiuf (D:3)
  A centaur skeleton (D:7)
  An iguana (D:7)
  2 orc wizards (D:7)
  3 worker ants
  A killer bee zombie (D:5)
  A hound zombie (D:5)
  A hound skeleton (D:4)
  A worker ant zombie (D:5)
  Robin (D:3)
  3 gnolls (D:4)
  9 adders
  4 river rats
  3 oozes
  2 adder skeletons
  4 worms
  6 leopard geckos
  20 orcs
  5 giant cockroaches
  15 goblins
  7 hobgoblins
  9 jackals
  5 quokkas
  2 ball pythons (Sewer)
  6 bats
  4 frilled lizards
  A jackal skeleton (D:8)
  15 kobolds
  A leopard gecko skeleton (D:4)
  A quokka skeleton (D:8)
  11 rats
191 creatures vanquished.

Vanquished Creatures (others)
  A slave (D:6)
  A black bear (D:6)
  A hound skeleton (D:6)
3 creatures vanquished.

Grand Total: 194 creatures vanquished

Notes
Turn   | Place    | Note
-------+----------+-------------------------------------------
     0 | D:1      | gmonis the Minotaur Berserker began the quest for the Orb.
     0 | D:1      | Reached XP level 1. HP: 19/19 MP: 0/0
   366 | D:1      | Reached skill level 4 in Maces & Flails
   985 | D:1      | Reached XP level 2. HP: 23/26 MP: 1/1
  1482 | D:2      | Reached skill level 5 in Maces & Flails
  1539 | D:2      | Reached XP level 3. HP: 28/31 MP: 2/2
  1726 | D:2      | Found a bloodstained altar of Trog.
  1994 | D:2      | Reached skill level 6 in Maces & Flails
  1994 | D:2      | Reached XP level 4. HP: 30/39 MP: 3/3
  2534 | D:3      | Reached skill level 7 in Maces & Flails
  2534 | D:3      | Reached XP level 5. HP: 36/45 MP: 4/4
  2536 | D:3      | Reached ** piety under Trog
  2593 | D:3      | Found a runed door.
  2733 | D:3      | Noticed a phantom
  2750 | D:3      | Killed a phantom
  2912 | D:3      | Noticed Robin
  2955 | D:3      | Killed Robin
  2955 | D:3      | Reached skill level 8 in Maces & Flails
  3280 | D:3      | Reached XP level 6. HP: 50/51 MP: 5/5
  3488 | D:3      | Noticed Sigmund
  3497 | D:3      | Killed Sigmund
  3497 | D:3      | Reached skill level 9 in Maces & Flails
  3728 | D:3      | Noticed Crazy Yiuf
  3732 | D:3      | Killed Crazy Yiuf
  3876 | D:4      | Reached XP level 7. HP: 42/57 MP: 6/6
  3999 | D:4      | Got a polished leather armour
  4259 | D:4      | Reached *** piety under Trog
  4270 | D:4      | Reached skill level 10 in Maces & Flails
  4390 | D:4      | Found a radiant altar of Vehumet.
  4525 | D:4      | Identified the +3 leather armour of Impermeability {rF+ Regen+} (You found it on level 4 of the Dungeon)
  4529 | D:5      | Entered Level 5 of the Dungeon
  4540 | D:5      | Found Jeir's Magic Scroll Emporium.
  4584 | D:5      | Found Suotim's Antique Weapon Shoppe.
  4626 | D:5      | Found Cosoetui's General Store.
  4687 | D:5      | Found a glowing drain.
  4699 | Sewer    | Entered a sewer
  5177 | Sewer    | Reached skill level 11 in Maces & Flails
  5177 | Sewer    | Reached XP level 8. HP: 60/64 MP: 7/7
  5246 | Sewer    | Reached **** piety under Trog
  5337 | D:5      | Bought a scroll of remove curse for 30 gold pieces
  5451 | D:5      | Found a burning altar of Makhleb.
  5875 | D:5      | Reached skill level 5 in Armour
  5931 | D:5      | Found Ceulaasi's Magic Scroll Shop.
  6016 | D:5      | Found a hazy altar of Hepliaklqana.
  6330 | D:6      | Noticed Pikel
  6347 | D:6      | Killed Pikel
  6347 | D:6      | Reached skill level 12 in Maces & Flails
  6430 | D:6      | Reached XP level 9. HP: 70/70 MP: 8/8
  6504 | D:6      | Reached skill level 13 in Maces & Flails
  6595 | D:6      | Noticed Grinder
  6597 | D:6      | Paralysed by Grinder for 4 turns
  6608 | D:6      | Killed Grinder
  6656 | D:6      | Found a staircase to the Ecumenical Temple.
  6668 | Temple   | Entered the Ecumenical Temple
  7195 | D:7      | Found a glowing golden altar of the Shining One.
  7326 | D:7      | Found a sparkling altar of Nemelex Xobeh.
  7744 | D:7      | Reached skill level 14 in Maces & Flails
  8197 | D:7      | Found Jaeket's Distillery.
  8375 | D:8      | Reached ***** piety under Trog
  8422 | D:8      | Slain by an orc warrior

Vault maps used:
D:1:      elethiomel_arrival_fortress_basement, minmay_misc_feat_roman,
          minivault_14
D:2:      bloody_trog
D:3:      serial_corexii_hall, corexii_hall_statues_u, corexii_hall_statues_x,
          uniq_crazy_yiuf_cottage, uniq_robin, uniq_sigmund
D:4:      vehumet_altar_wand_db
D:5:      nicolae_overflow_crystal_walls, lemuel_doored_altar, serial_shops,
          shop, nicolae_shop_stone, nicolae_shop_waterfront,
          nicolae_shop_window_shopping, first_ration, gup_sewer_entry_bubbles
D:6:      minmay_temple_entry_nine_rooms, uniq_pikel, uniq_grinder
D:7:      nemelex_xobeh_ov_fountains_minmay, old_standard_altar, serial_shops,
          kennysheep_mini, the_bakery
D:8:      kb_rosetta, uniq_harold
Temple:   regret_index_temple_sphere_string
Sewer:    sewer_co_tree

Skill      XL: |  1  2  3  4  5  6  7  8  9 |
---------------+----------------------------+-----
Maces & Flails | 4 5 6 7 8 9 11 12 14 | 14.0
Armour         | 4 6 9 |  9.8
Fighting       | |  3.6
Dodging        | |  2.1

Action                   |  1- 3 |  4- 6 |  7- 9 || total
-------------------------+-------+-------+-------++-------
Melee: Mace              |    46 |    86 |   378 ||   510
       Headbutt          |    10 |    12 |    75 ||    97
Invok: Berserk           |     1 |     4 |     8 ||    13
  Use: Scroll            |       |       |     3 ||     3
  Eat: Chunk             |     4 |     8 |    24 ||    36
Armor: Animal skin       |     3 |     8 |     3 ||    14
       Leather armour    |       |       |    71 ||    71
Dodge: Dodged            |    40 |    53 |   206 ||   299

Table legend:
 A = Spawn XP
 B = Non-spawn XP
 C = Spawn XP percentage of total XP
 D = Spawn monster count
 E = Non-spawn monster count
 F = Spawn count percentage of total count
 G = Total turns spent on level
                    A         B        C        D         E        F      G
               +---------+---------+-------+---------+---------+-------+---------
         Total |       0 |    5432 |   0.0 |       0 |     190 |   0.0 |  8422
               +---------+---------+-------+---------+---------+-------+---------
           D:1 |       0 |      14 |   0.0 |       0 |       8 |   0.0 |  1305
           D:2 |       0 |      87 |   0.0 |       0 |      18 |   0.0 |   903
           D:3 |       0 |     558 |   0.0 |       0 |      41 |   0.0 |  1643
           D:4 |       0 |     237 |   0.0 |       0 |      21 |   0.0 |   678
           D:5 |       0 |     761 |   0.0 |       0 |      24 |   0.0 |  1140
           D:6 |       0 |    1598 |   0.0 |       0 |      18 |   0.0 |   700
           D:7 |       0 |     980 |   0.0 |       0 |      17 |   0.0 |  1148
           D:8 |       0 |     795 |   0.0 |       0 |      15 |   0.0 |   145
         Sewer |       0 |     402 |   0.0 |       0 |      28 |   0.0 |   606
               +---------+---------+-------+---------+---------+-------+---------
